 Dungeon Crawl Stone Soup version 0.23.1-37-gaa34b87b72 (webtiles) character file.

Game seed: 12092851827114221678

99 dustbiter the Shield-Bearer (level 5, -5/42 HPs)
             Began as a Formicid Fighter on Mar 22, 2019.
             Killed from afar by Natasha (7 damage)
             ... with a magic dart
             ... on level 2 of the Dungeon.
             The game lasted 00:09:42 (1792 turns).

dustbiter the Shield-Bearer (Formicid Fighter)      Turns: 1792, Time: 00:09:42

Health: -5/42      AC:  7    Str: 21    XL:     5   Next: 2%
Magic:  5/5        EV: 13    Int: 13    God:
Gold:   100        SH: 10    Dex: 15    Spells: 4/4 levels left

rFire    + . .     SeeInvis +   a - +0 flail
rCold    + . .     Gourm    .   c - +0 shield
rNeg     . . .     Faith    .   b - +0 scale mail
rPois    +         Spirit   .   (helmet unavailable)
rElec    +         Reflect  .   (no cloak)
rCorr    +         Harm     .   (no gloves)
MR       .....                  (no boots)
Stlth    +.........             (no amulet)
HPRegen  0.14/turn              (no ring)
MPRegen  0.09/turn              (no ring)

@: brilliant, agile, resistant, flying, very slightly contaminated, invisible
A: permanent stasis, dig shafts and tunnels, four strong arms, antennae 3
a: Dig, Shaft Self


You were on level 2 of the Dungeon.
You were not hungry.

You visited 1 branch of the dungeon, and saw 2 of its levels.

You collected 100 gold pieces.

Inventory:

Hand Weapons
 a - a +0 flail (weapon)
 m - a +0 hunting sling
Missiles
 e - 84 stones (quivered)
 l - 7 needles of sleeping
 r - 16 sling bullets
Armour
 b - a +0 scale mail (worn)
 c - a +0 shield (worn)
Wands
 g - a wand of random effects (21)
Scrolls
 h - 4 scrolls of remove curse {unknown}
 i - a scroll of random uselessness {unknown}
 o - 2 scrolls of identify {unknown}
 p - 2 scrolls of magic mapping {unknown}
 q - 3 scrolls of teleportation {unknown}
 t - a scroll of enchant weapon {unknown}
 u - a scroll of amnesia {unknown}
Potions
 d - a potion of might
Comestibles
 f - 6 rations


   Skills:
 + Level 3.9 Fighting
 * Level 3.3 Maces & Flails
 + Level 3.9 Armour
 + Level 4.3 Shields


You had 4 spell levels left.
You didn't know any spells.
Your spell library was empty.

Dungeon Overview and Level Annotations

Branches:
Dungeon (2/15)

Altars:

Annotations:
D:2 Natasha


Innate Abilities, Weirdness & Mutations

You cannot be hasted, slowed, berserked, paralysed or teleported.
You can dig through walls and to a lower floor.
Your four strong arms can wield two-handed weapons with a shield.
You have a pair of large antennae on your head. (SInv)


Message History

The white imp gestures at you. The puff of frost misses you.
The puff of frost hits the crimson imp.
The crimson imp is frozen!
You block the crimson imp's attack. Natasha barely misses you.
You thump Natasha!
You kill Natasha!
Natasha screams in pain as she dies!
The white imp disappears in a puff of smoke!
The crimson imp disappears in a puff of smoke!
The iron imp disappears in a puff of smoke!
You have reached level 5!
The adder closely misses you. The adder barely misses you.
The adder closely misses you. The adder completely misses you.
Natasha, Servant of Life and Death comes into view.
Natasha mumbles some strange words.
The shadow imp shouts, "Back with thee, thou peaked boil-brained wagtail!"
Natasha casts a spell at you. The magic dart hits you!
You die...

#.......###..##.#.....)### .#...
###.#....5.........).....##.#.###
#........h.>................#
#......................###...
#..........[........#### #
#..................##
#..............S...#
#..................#
##............@#####
##.....#.....## ##########.##
...# ..### <... ... ...


You could see Natasha, an adder and a shadow imp.

Vanquished Creatures
  Natasha (D:2)
  3 adders (D:2)
  3 dart slugs
  A leopard gecko (D:2)
  A bat (D:1)
  A giant cockroach (D:2)
  4 goblins
  5 hobgoblins
  4 jackals (D:1)
  A quokka (D:2)
  4 frilled lizards
  6 kobolds
  9 rats
43 creatures vanquished.

Notes
Turn   | Place    | Note
-------+----------+-------------------------------------------
     0 | D:1      | dustbiter the Formicid Fighter began the quest for the Orb.
     0 | D:1      | Reached XP level 1. HP: 18/18 MP: 1/1
   134 | D:1      | Reached XP level 2. HP: 24/24 MP: 2/2
   678 | D:1      | Reached XP level 3. HP: 26/29 MP: 3/3
  1110 | D:2      | Reached skill level 4 in Shields
  1267 | D:2      | Reached XP level 4. HP: 29/37 MP: 4/4
  1757 | D:2      | Noticed Natasha
  1779 | D:2      | HP: 1/37 [Natasha/magic dart (1)]
  1785 | D:2      | Killed Natasha
  1785 | D:2      | Reached XP level 5. HP: 1/42 MP: 5/5
  1790 | D:2      | Noticed Natasha
  1792 | D:2      | Killed from afar by Natasha

Skill      XL: |  1  2  3  4 |
---------------+-------------+-----
Shields        | 4 |  4.3
Maces & Flails | 3 |  3.3
Fighting       | |  3.9
Armour         | |  3.9

Action                   |  1- 3 |  4- 6 || total
-------------------------+-------+-------++-------
Melee: Flail             |   109 |    68 ||   177
Throw: Stone             |    12 |    26 ||    38
Evoke: Wand              |       |     1 ||     1
  Use: Potion            |       |     6 ||     6
  Eat: Chunk             |     1 |     2 ||     3
Armor: Scale mail        |    44 |    30 ||    74
Dodge: Dodged            |    37 |    39 ||    76
Block: Shield            |    53 |    39 ||    92
